Map: Waterfall

Players

Goca

  • Race: Protoss Protoss
  • League: Platinum
  • Spawn Location: 7:00

Freek - Winner!

  • Race: Zerg Zerg
  • League: Silver
  • Spawn Location: 1:00

VOD

Have the link to the VOD?

Description

ZvP ground battle

Time

  • Played on: Oct. 23, 2022, 7:08 a.m.
  • Length: 15:50
Show
View Real Time Build Order
Export as new Build Order

Goca Protoss 

Build Orders: Blink Stalkers 

Get SALT Encoding   

  12  0:00  Probe  
  13  0:12  Probe  
  14  0:17  Pylon  
  14  0:24  Probe  
  15  0:36  Probe (Chrono Boost)  
  15  0:39  Gateway  
  16  0:48  Probe (Chrono Boost)  
  17  0:54  Assimilator, Probe (Chrono Boost)  
  18  1:01  Pylon  
  18  1:03  Probe (Chrono Boost)  
  19  1:13  Probe (Chrono Boost)  
  19  1:18  Probe (Chrono Boost)  
  20  1:23  Assimilator  
  21  1:27  Cybernetics Core  
  21  1:29  Probe  
  22  1:41  Probe  
  22  1:45  Gateway  
  23  1:53  Probe  
  24  2:04  Gateway  
  24  2:07  Stalker  
  26  2:10  Pylon  
  26  2:24  Probe  
  27  2:32  Stalker  
  29  2:39  Shield Battery  
  29  2:46  Twilight Council  
  29  2:52  Stalker  
  31  3:06  Gateway  
  31  3:22  Nexus  
  31  3:23  Blink  
  31  3:30  Stalker  
  33  3:43  Pylon  
  33  3:56  Stalker x2  
  37  4:03  Stalker  
  37  4:06  Stalker  
  41  4:19  Pylon  
  41  4:22  Warp Gate  
  41  4:26  Stalker  
  43  4:32  Stalker  
  45  4:43  Stalker  
  47  4:52  Probe x2 (Chrono Boost)  
  49  5:04  Probe x2 (Chrono Boost)  
  51  5:08  Pylon  
  51  5:13  Probe x2 (Chrono Boost)  
  53  5:18  Probe x2 (Chrono Boost)  
  55  5:24  Gateway  
  55  5:28  Pylon  
  55  5:31  Probe x2  
  57  5:42  Charge  
  57  5:43  Probe x2  
  59  5:55  Robotics Facility, Probe x2  
  61  6:37  Pylon  
  61  6:51  Observer  
  61  6:52  Gateway  
  62  6:55  Gateway, Stalker x3  
  62  6:56  Stalker  
  62  6:59  Pylon  
  70  7:10  Forge  
  70  7:12  Observer, Probe  
  70  7:14  Forge, Pylon  
  72  7:20  Zealot x3  
  72  7:21  Zealot x2  
  82  7:24  Probe  
  83  7:41  Protoss Ground Weapons Level 1 (Chrono Boost)  
  83  7:42  Protoss Ground Armor Level 1 (Chrono Boost), Zealot  
  83  7:43  Zealot x4  
  97  7:51  Immortal  
  97  8:20  Zealot  
  97  8:22  Nexus  
  99  8:30  Observer, Pylon  
  100  9:03  Assimilator  
  100  9:05  Assimilator  
  99  9:17  Zealot x3  
  99  9:18  Zealot x4  
  113  9:31  Pylon  
  113  9:37  Gateway, Protoss Ground Weapons Level 2 (Chrono Boost)  
  113  9:38  Protoss Ground Armor Level 2 (Chrono Boost)  
  113  9:40  Gateway  
  113  9:44  Pylon  
  113  9:48  Observer  
  113  9:57  Shield Battery  
  113  9:59  Shield Battery  
  113  10:09  Observer  
  114  10:23  Probe x3  
  117  10:29  Shield Battery  
  117  10:30  Photon Cannon  
  117  10:31  Immortal  
  117  10:33  Stalker x3  
  117  10:34  Stalker x3, Photon Cannon  
  117  10:35  Probe x2  
  135  10:36  Assimilator  
  135  10:41  Assimilator  
  98  10:54  Stalker  
  92  10:59  Zealot  
  92  11:00  Zealot x3  
  92  11:01  Zealot x2  
  97  11:09  Pylon  
  97  11:10  Immortal  
  101  11:30  Probe x2  
  101  11:31  Probe  
  104  11:36  Zealot x2, Pylon  
  104  11:37  Zealot x4  
  104  11:38  Zealot  
  118  11:42  Probe  
  118  11:43  Probe x2  
  105  11:55  Probe x3  
  105  11:59  Zealot  
  105  12:00  Zealot x3  
  105  12:01  Zealot  
  118  12:07  Probe x3  
  121  12:09  Shield Battery  
  121  12:12  Protoss Ground Weapons Level 3 (Chrono Boost)  
  121  12:14  Protoss Ground Armor Level 3 (Chrono Boost)  
  121  12:19  Probe x3  
  124  12:32  Templar Archives  
  124  12:55  Pylon  
  124  13:01  Pylon  
  124  13:03  Zealot x2  
  124  13:04  Zealot x3  
  124  13:05  Zealot  
  136  13:11  Psionic Storm  
  136  13:18  Stalker x3  
  142  13:24  Nexus  
  142  13:29  Pylon  
  142  13:30  Observer  
  143  13:52  Observer  
  144  14:00  High Templar x2  
  144  14:02  High Templar  
  150  14:13  Observer  
  150  14:16  Zealot x4  
  159  14:48  Immortal  
  161  14:57  Zealot  
  161  14:58  Zealot x3  
  161  14:59  Zealot x4  
  99  15:27  Shield Battery  
  81  15:29  Stalker x4  
  81  15:30  Stalker x3  
  81  15:31  Stalker  
Show
View Real Time Build Order
Export as new Build Order

Freek Zerg - Winner!

Build Orders: Hatch First 

Get SALT Encoding   

  12  0:00  Drone  
  13  0:12  Overlord  
  13  0:17  Drone  
  14  0:30  Drone x2  
  16  0:51  Hatchery  
  16  0:53  Drone  
  16  0:57  Drone  
  16  1:00  Drone  
  18  1:07  Extractor  
  17  1:18  Spawning Pool  
  17  1:20  Drone  
  17  1:23  Drone  
  18  1:27  Drone  
  19  1:38  Drone  
  20  1:51  Overlord  
  20  2:08  Queen  
  20  2:09  Queen  
  20  2:13  Metabolic Boost  
  24  2:29  Spine Crawler  
  23  2:30  Overlord  
  23  2:34  Drone x4  
  23  2:36  Drone  
  28  2:45  Overlord  
  28  2:57  Queen  
  30  3:04  Overlord  
  30  3:06  Queen  
  30  3:08  Zergling x4  
  34  3:17  Spine Crawler  
  33  3:24  Zergling x2  
  33  3:25  Zergling x8  
  38  3:39  Zergling x2  
  38  3:40  Zergling x10  
  44  3:51  Zergling x10  
  49  4:01  Evolution Chamber  
  49  4:02  Spore Crawler  
  47  4:03  Evolution Chamber  
  47  4:07  Spore Crawler  
  44  4:41  Drone x8  
  52  4:53  Zerg Melee Weapons Level 1  
  52  5:00  Hatchery  
  51  5:12  Drone  
  51  5:13  Overlord  
  51  5:14  Overlord x2  
  52  5:29  Overlord  
  52  5:30  Overlord x2  
  52  5:35  Extractor  
  52  5:36  Lair, Extractor  
  52  5:37  Extractor  
  49  5:43  Baneling Nest  
  48  5:52  Drone x5  
  51  6:19  Drone  
  51  6:20  Drone x2  
  51  6:21  Drone x2  
  51  6:22  Drone x2  
  51  6:24  Drone x3  
  61  6:28  Drone x3  
  65  6:40  Zergling x10  
  65  6:43  Centrifugal Hooks  
  69  6:50  Drone x3  
  72  6:58  Drone x6  
  78  7:17  Hydralisk Den, Extractor  
  78  7:19  Extractor  
  78  7:21  Zerg Melee Weapons Level 2  
  75  7:28  Evolution Chamber  
  74  7:42  Drone  
  74  7:43  Drone x4  
  79  7:44  Drone  
  79  7:46  Spore Crawler  
  79  7:51  Grooved Spines  
  79  7:53  Hatchery  
  78  8:07  Zerg Ground Armor Level 1  
  78  8:09  Hydralisk x6  
  90  8:16  Overlord  
  90  8:17  Overlord x2  
  90  8:18  Drone x5  
  95  8:23  Queen  
  97  8:43  Hydralisk x6  
  97  8:47  Drone  
  97  8:48  Drone x3  
  113  8:53  Overseer x2  
  113  8:57  Zerg Missile Weapons Level 1  
  113  9:02  Muscular Augments  
  111  9:04  Infestation Pit  
  108  9:13  Drone x2  
  108  9:14  Drone x4  
  114  9:19  Zergling x2  
  114  9:20  Zergling x20  
  125  9:42  Hatchery  
  125  9:45  Overseer  
  124  9:46  Pneumatized Carapace  
  124  9:55  Hive  
  124  10:03  Baneling x7  
  124  10:04  Baneling x18  
  124  10:05  Zergling x6, Baneling  
  124  10:06  Zergling x16, Extractor  
  134  10:14  Zerg Ground Armor Level 2  
  134  10:20  Overlord x3  
  134  10:21  Overlord  
  90  10:59  Zergling x20  
  90  11:00  Zergling x28  
  90  11:01  Zergling x16  
  110  11:23  Zergling x10  
  110  11:24  Zergling x12  
  115  11:26  Adrenal Glands  
  115  11:29  Zerg Melee Weapons Level 3  
  115  11:34  Queen  
  116  11:46  Hydralisk x7  
  116  11:47  Hydralisk x2  
  117  12:00  Zerg Missile Weapons Level 2  
  117  12:07  Drone x13  
  130  12:32  Zerg Ground Armor Level 3  
  130  12:35  Extractor  
  129  12:39  Ultralisk Cavern  
  129  12:41  Drone  
  129  12:42  Drone x4  
  129  12:43  Drone  
  134  12:51  Overlord x2  
  134  12:52  Overlord x3  
  134  13:04  Zergling x12, Hatchery  
  134  13:05  Zergling x18  
  148  13:19  Hydralisk  
  148  13:20  Hydralisk x5  
  148  13:26  Chitinous Plating  
  160  13:44  Hatchery  
  159  13:49  Ultralisk x3  
  159  13:52  Extractor  
  176  13:57  Extractor  
  175  14:10  Spore Crawler  
  175  14:14  Ultralisk x3  
  192  14:28  Hydralisk x3  
  198  14:45  Anabolic Synthesis  
Tags
 
Composition
Blink Stalkers
Matchup
PvZ
Spawn Locations
Cross Positions
Add a new tag
Caveats
  • Supply blocks, unpowered buildings, or Contaminate may cause inaccurate times.
  • Supply counts are checked every 10 seconds.